Map: Alaeni Enclave

Players

ProfessorG

  • Race: Zerg Zerg
  • Spawn Location: 7:00

Mally

  • Race: Protoss Protoss
  • League: Silver
  • Spawn Location: 3:00

Independent

  • Race: Protoss Protoss
  • Spawn Location: 5:00

CoelhoSansao

  • Race: Terran Terran
  • League: Gold
  • Spawn Location: 9:00

Metasapien

  • Race: Zerg Zerg
  • League: Platinum
  • Spawn Location: 9:00

Nomad

  • Race: Terran Terran
  • League: Silver
  • Spawn Location: 1:00

Azreal

  • Race: Protoss Protoss
  • Spawn Location: 3:00

Silahtar

  • Race: Protoss Protoss
  • Spawn Location: 11:00

VOD

Have the link to the VOD?

Description

Time

  • Played on: Sept. 23, 2017, 6:17 a.m.
  • Length: 13:51
Show
View Real Time Build Order
Export as new Build Order

ProfessorG Zerg 

Build Orders: Pool First, Lurkers 

Get SALT Encoding   

  12  0:44  Drone x2  
  12  0:46  Overlord  
  14  0:52  Spawning Pool  
  13  1:03  Drone  
  14  1:15  Drone  
  14  1:17  Hatchery  
  14  1:19  Drone  
  15  1:34  Drone  
  15  1:39  Queen  
  18  1:40  Drone, Extractor  
  18  1:50  Overlord  
  18  2:05  Drone  
  19  2:13  Spine Crawler  
  19  2:14  Drone, Spine Crawler  
  18  2:24  Drone  
  18  2:28  Queen  
  21  2:30  Drone  
  21  2:33  Drone  
  23  2:43  Metabolic Boost  
  23  2:50  Drone x3  
  26  2:54  Extractor  
  26  2:57  Drone  
  26  2:59  Drone  
  26  3:02  Drone  
  28  3:16  Drone  
  28  3:17  Drone  
  30  3:21  Zergling x6  
  30  3:22  Zergling x2  
  30  3:25  Drone  
  35  3:30  Overlord  
  35  3:36  Overlord  
  35  3:42  Spore Crawler  
  35  3:47  Spore Crawler  
  33  3:51  Spore Crawler  
  33  3:55  Drone x2  
  33  4:00  Drone  
  33  4:01  Drone  
  36  4:22  Lair  
  36  4:24  Drone x3  
  37  4:26  Drone x3  
  37  4:29  Drone  
  37  4:30  Drone  
  40  5:08  Zergling x8  
  40  5:09  Zergling x2  
  40  5:11  Drone x4  
  40  5:12  Drone x3  
  52  5:16  Spore Crawler x2  
  52  5:19  Spore Crawler  
  49  5:22  Spore Crawler  
  49  5:23  Spine Crawler  
  49  5:26  Drone, Spine Crawler  
  47  5:37  Hydralisk Den  
  47  5:38  Evolution Chamber  
  47  5:39  Zergling x10  
  47  5:40  Zergling x2  
  51  5:43  Drone  
  51  5:45  Overlord x2  
  52  6:07  Drone  
  52  6:08  Drone x2  
  55  6:12  Muscular Augments  
  55  6:13  Zerg Melee Weapons Level 1  
  54  6:19  Hydralisk x5  
  54  6:23  Hydralisk  
  54  6:24  Hydralisk  
  67  6:30  Overlord  
  67  6:34  Overlord  
  63  6:55  Hydralisk x3  
  63  6:58  Drone x4  
  73  7:02  Extractor  
  73  7:06  Extractor  
  71  7:10  Spine Crawler  
  71  7:12  Spine Crawler  
  64  7:16  Spine Crawler  
  63  7:24  Hydralisk x4  
  63  7:25  Hydralisk x2  
  75  7:31  Drone x5  
  80  7:38  Drone  
  81  7:47  Lurker Den  
  81  7:56  Hydralisk  
  83  8:01  Overlord x3  
  83  8:07  Zerg Missile Weapons Level 1  
  83  8:15  Drone  
  83  8:16  Hatchery  
  83  8:17  Overlord, Spine Crawler  
  82  8:31  Overlord x2  
  82  8:34  Drone x2  
  82  8:38  Zergling x6  
  87  8:51  Zergling x2  
  88  9:01  Zergling x4  
  88  9:02  Zergling x2, Hydralisk  
  91  9:03  Hydralisk x4  
  101  9:15  Drone x2  
  103  9:17  Zergling x4  
  103  9:20  Lurker x4  
  103  9:22  Lurker  
  110  9:24  Lurker  
  110  9:30  Queen  
  113  10:01  Hydralisk  
  113  10:02  Zerg Ground Armor Level 1, Hydralisk x4  
  123  10:07  Drone x3  
  123  10:11  Overlord  
  123  10:12  Overlord  
  126  10:17  Lurker x3  
  120  10:26  Drone  
  121  10:30  Lurker  
  121  10:32  Lurker x2  
  111  11:21  Hydralisk  
  111  11:22  Hydralisk x6  
  111  11:23  Hydralisk x4  
  133  11:30  Drone, Extractor  
  133  11:31  Extractor  
  132  11:43  Zergling x2  
  132  11:44  Zergling x10  
  138  11:49  Lurker  
  139  11:55  Lurker  
  140  12:09  Drone x3  
  140  12:12  Hydralisk  
  140  12:13  Hydralisk x3  
  130  13:13  Hydralisk x3  
  130  13:14  Hydralisk  
  130  13:16  Hydralisk  
  130  13:17  Hydralisk x5  
  147  13:25  Hydralisk x3  
  153  13:29  Overlord x3  
Show
View Real Time Build Order
Export as new Build Order

Mally Protoss 

Build Orders:  

Get SALT Encoding   

  12  0:26  Probe (Chrono Boost)  
  12  0:27  Pylon  
  13  0:36  Probe (Chrono Boost)  
  14  0:48  Gateway  
  14  0:51  Gateway  
  14  0:57  Assimilator  
  14  0:58  Probe (Chrono Boost)  
  15  1:09  Probe (Chrono Boost)  
  16  1:20  Forge  
  16  1:23  Probe (Chrono Boost)  
  17  1:35  Assimilator  
  17  1:42  Cybernetics Core  
  17  1:44  Probe (Chrono Boost)  
  18  2:02  Photon Cannon  
  18  2:08  Pylon  
  18  2:09  Probe (Chrono Boost)  
  19  2:25  Warp Gate (Chrono Boost)  
  19  2:34  Robotics Facility  
  19  2:37  Probe  
  20  2:50  Probe  
  21  2:57  Pylon  
  21  3:02  Probe  
  22  3:14  Probe  
  23  3:23  Warp Prism  
  25  3:33  Twilight Council  
  25  3:59  Observer  
  25  4:00  Nexus  
  26  4:20  Dark Shrine  
  26  4:26  Gateway, Protoss Ground Weapons Level 1 (Chrono Boost)  
  26  4:31  Probe  
  27  4:40  Pylon  
  27  5:10  Stargate  
  27  5:12  Stargate  
  27  5:41  Dark Templar  
  29  5:42  Dark Templar  
  29  5:45  Dark Templar  
  31  6:34  Probe  
  31  6:39  Assimilator  
  32  6:43  Assimilator  
  32  6:44  Probe  
  33  6:55  Probe  
  34  7:05  Probe  
  33  7:16  Probe  
  32  7:52  Void Ray x2  
  32  7:58  Mothership Core  
  42  8:11  Pylon  
  42  8:13  Pylon  
  42  8:15  Pylon  
  42  8:17  Pylon  
  42  8:20  Pylon  
  42  8:21  Nexus  
  42  8:25  Pylon  
  42  8:28  Probe, Pylon  
  42  8:33  Pylon  
  43  8:34  Void Ray  
  43  8:35  Void Ray  
  43  8:38  Pylon  
  43  8:39  Probe  
  52  8:49  Probe  
  53  8:55  Protoss Shields Level 1 (Chrono Boost)  
  53  9:00  Probe  
  53  9:02  Probe  
  55  9:07  Protoss Air Weapons Level 1 (Chrono Boost)  
  55  9:13  Probe  
  55  9:14  Probe  
  57  9:24  Stargate  
  57  9:26  Probe  
  57  9:27  Stargate  
  57  9:28  Assimilator  
  58  9:32  Assimilator  
  58  9:33  Stargate  
  58  9:38  Probe  
  59  9:43  Probe  
  60  9:47  Void Ray  
  64  9:53  Probe  
  65  10:04  Probe  
  62  10:46  Void Ray x3  
  62  10:47  Void Ray x2  
  62  10:49  Zealot x2  
  86  10:50  Zealot  
  88  11:03  Probe  
  89  11:12  Probe  
  89  11:13  Probe  
  91  11:24  Probe x2  
  93  11:34  Void Ray x3  
  93  11:36  Void Ray, Probe  
Show
View Real Time Build Order
Export as new Build Order

Independent Protoss 

Build Orders: Oracle Opening 

Get SALT Encoding   

  12  0:18  Probe (Chrono Boost)  
  13  0:28  Probe (Chrono Boost)  
  13  0:29  Pylon  
  14  0:39  Probe (Chrono Boost)  
  15  0:48  Gateway  
  16  0:50  Probe (Chrono Boost)  
  16  0:55  Assimilator  
  16  1:01  Assimilator  
  16  1:05  Probe (Chrono Boost)  
  17  1:16  Probe (Chrono Boost)  
  18  1:26  Probe (Chrono Boost)  
  19  1:37  Probe (Chrono Boost)  
  20  1:43  Cybernetics Core  
  20  1:51  Nexus  
  20  1:54  Probe (Chrono Boost)  
  21  2:01  Pylon  
  21  2:05  Probe (Chrono Boost)  
  22  2:18  Probe (Chrono Boost)  
  23  2:23  Stargate  
  23  2:24  Warp Gate  
  23  2:29  Adept  
  25  2:35  Mothership Core (Chrono Boost)  
  27  2:57  Probe (Chrono Boost)  
  28  3:02  Probe (Chrono Boost)  
  29  3:06  Oracle (Chrono Boost)  
  29  3:07  Probe  
  29  3:12  Probe  
  33  3:16  Forge  
  33  3:19  Probe  
  35  3:22  Pylon  
  35  3:23  Probe  
  36  3:32  Probe  
  36  3:33  Probe  
  37  3:41  Oracle (Chrono Boost)  
  41  3:44  Probe, Assimilator  
  41  3:47  Assimilator  
  42  3:52  Photon Cannon  
  42  3:58  Probe, Photon Cannon  
  43  4:03  Probe  
  44  4:18  Probe  
  44  4:19  Probe  
  44  4:21  Void Ray (Chrono Boost)  
  50  4:25  Protoss Air Weapons Level 1 (Chrono Boost)  
  50  4:28  Probe  
  51  4:31  Probe  
  52  4:39  Probe  
  53  5:02  Probe  
  54  5:09  Pylon  
  54  5:12  Pylon  
  54  5:20  Protoss Shields Level 1  
  54  5:26  Probe  
  54  5:27  Void Ray (Chrono Boost), Probe  
  60  5:29  Nexus  
  60  5:30  Stargate  
  60  5:31  Pylon  
  60  5:32  Pylon, Stargate  
  60  5:39  Probe x2, Pylon  
  62  5:45  Pylon  
  62  5:51  Probe x2, Pylon  
  62  5:56  Photon Cannon  
  64  6:16  Void Ray  
  64  6:17  Probe x2  
  70  6:22  Photon Cannon  
  70  6:28  Void Ray  
  70  6:29  Void Ray, Probe  
  76  6:50  Probe x2  
  78  6:59  Void Ray  
  82  7:05  Probe x2  
  84  7:16  Void Ray x2 (Chrono Boost)  
  92  7:30  Probe  
  92  7:31  Probe  
  92  7:32  Probe  
  92  7:34  Assimilator  
  95  7:38  Assimilator, Stargate  
  95  7:41  Probe, Protoss Air Armor Level 1 (Chrono Boost)  
  95  7:43  Probe  
  95  7:44  Probe  
  102  7:48  Void Ray (Chrono Boost)  
  102  8:04  Void Ray (Chrono Boost)  
  106  8:38  Pylon  
  106  8:39  Pylon x2  
  106  8:43  Fleet Beacon  
  106  8:44  Probe, Pylon  
  106  8:45  Probe x2, Pylon  
  106  8:47  Pylon  
  109  8:57  Void Ray x2 (Chrono Boost), Nexus  
  109  8:59  Pylon  
  109  9:00  Pylon  
  121  9:02  Void Ray (Chrono Boost)  
  125  9:34  Void Ray (Chrono Boost)  
  125  9:35  Void Ray x2 (Chrono Boost)  
  139  9:51  Carrier (Chrono Boost)  
  129  10:25  Carrier (Chrono Boost)  
  129  10:27  Mothership Core  
  149  10:29  Carrier x2 (Chrono Boost)  
  149  10:32  Photon Cannon  
  149  10:33  Photon Cannon  
  149  10:34  Photon Cannon  
  149  10:39  Assimilator  
  149  10:41  Assimilator  
  149  10:57  Adept  
  157  11:06  Protoss Air Armor Level 2  
  157  11:11  Cybernetics Core  
  157  11:13  Gateway  
  157  11:14  Gateway  
  157  11:16  Gateway  
  157  11:17  Gateway  
  157  11:19  Adept, Gateway  
  157  11:22  Twilight Council  
  157  11:24  Pylon  
  159  11:29  Pylon  
  159  11:31  Pylon  
  159  11:33  Pylon  
  159  11:35  Carrier (Chrono Boost), Pylon  
  159  11:39  Carrier (Chrono Boost)  
  171  11:40  Adept  
  171  11:44  Void Ray (Chrono Boost), Graviton Catapult  
  177  11:55  Robotics Facility  
  177  11:59  Pylon  
  177  12:01  Probe, Photon Cannon  
  177  12:03  Photon Cannon  
  177  12:04  Pylon  
  178  12:12  Carrier (Chrono Boost)  
  178  12:13  Probe  
  185  12:17  Adept  
  187  12:25  Probe  
  187  12:26  Templar Archives  
  187  12:28  Gateway  
  188  12:30  Gateway  
  188  12:32  Gateway  
  188  12:33  Gateway  
  188  12:35  Gateway  
  200  13:12  Gateway  
  198  13:36  Adept  
Show
View Real Time Build Order
Export as new Build Order

CoelhoSansao Terran 

Build Orders:  

Get SALT Encoding   

  12  0:03  SCV  
  13  0:16  SCV  
  13  0:21  Supply Depot  
  14  0:28  SCV  
  15  0:32  Refinery  
  16  0:42  SCV  
  16  0:48  Barracks  
  16  0:55  SCV  
  17  1:07  SCV  
  18  1:17  Barracks  
  18  1:19  SCV  
  19  1:35  Supply Depot  
  19  1:36  Orbital Command  
  19  1:38  Reaper  
  20  2:05  Reaper  
  20  2:07  SCV  
  22  2:10  Reaper  
  23  2:19  Command Center  
  23  2:24  SCV  
  24  2:34  Factory  
  24  2:35  Refinery  
  24  2:36  SCV  
  25  2:47  Barracks Tech Lab  
  25  2:52  SCV  
  26  2:59  Barracks Reactor  
  26  3:04  SCV  
  27  3:16  SCV  
  28  3:28  SCV  
  29  3:40  SCV  
  30  3:52  SCV  
  28  4:06  Orbital Command  
  28  4:09  Refinery  
  28  4:11  Factory Tech Lab  
  28  4:15  Starport  
  28  4:23  Supply Depot  
  28  4:25  Supply Depot x2  
  28  4:26  Supply Depot  
  28  4:36  Command Center  
  28  4:39  SCV  
  28  4:41  SCV  
  30  4:46  Stimpack  
  30  4:51  SCV  
  31  4:53  SCV  
  31  4:57  Refinery  
  32  5:00  Starport Tech Lab  
  32  5:03  SCV  
  32  5:04  Starport  
  32  5:05  SCV  
  34  5:08  Engineering Bay  
  34  5:15  SCV  
  34  5:17  SCV  
  34  5:19  Banshee  
  34  5:20  Cloaking Field  
  39  5:28  SCV  
  40  5:29  SCV  
  41  5:38  Armory  
  41  5:40  SCV  
  41  5:41  Starport Tech Lab, SCV  
  43  5:51  Planetary Fortress  
  43  5:52  SCV  
  43  5:53  SCV  
  43  5:54  Supply Depot  
  45  5:58  Missile Turret  
  46  6:04  SCV  
  46  6:05  Banshee, SCV  
  46  6:08  Hyperflight Rotors  
  50  6:16  Missile Turret x2, Hi-Sec Auto Tracking  
  50  6:17  Supply Depot  
  50  6:20  Missile Turret  
  50  6:28  Banshee  
  50  6:31  Terran Ship Weapons Level 1  
  53  6:37  Starport  
  53  7:13  Refinery, SCV  
  54  7:25  SCV  
  55  7:37  SCV  
  56  7:49  SCV  
  54  7:57  Starport Tech Lab  
  48  8:01  SCV  
  48  8:02  Starport  
  48  8:03  Siege Tank  
  52  8:09  Supply Depot  
  52  8:17  Refinery  
  52  8:23  Building Armor  
  52  8:25  Terran Vehicle And Ship Armor Level 1  
  52  8:32  Supply Depot  
  52  8:33  Starport  
  52  8:40  Fusion Core  
  52  8:49  SCV x3  
  55  9:01  Starport Tech Lab, SCV x3  
  58  9:08  Starport  
  58  9:11  Supply Depot  
  58  9:16  Starport  
  58  9:17  Starport Tech Lab  
  58  9:38  Battlecruiser x4  
  82  9:53  Starport Tech Lab  
  82  10:09  Starport Tech Lab  
  82  10:16  Battlecruiser  
  82  10:17  Battlecruiser  
  94  10:42  Battlecruiser  
  100  10:48  Siege Tank  
  103  10:50  Weapon Refit  
  103  10:51  Command Center  
  103  10:52  Refinery  
  103  11:18  Refinery, Battlecruiser  
  109  11:21  Battlecruiser  
  103  12:04  Battlecruiser x2  
  115  12:36  Battlecruiser  
  121  12:40  Orbital Command  
Show
View Real Time Build Order
Export as new Build Order

Metasapien Zerg 

Build Orders: Pool First 

Get SALT Encoding   

  12  0:10  Drone  
  13  0:24  Spawning Pool  
  12  0:30  Drone  
  12  0:35  Overlord  
  13  0:40  Drone  
  14  0:43  Extractor  
  14  0:46  Drone  
  14  0:56  Drone  
  15  1:03  Drone  
  16  1:22  Hatchery  
  16  1:23  Drone  
  16  1:27  Drone  
  17  1:36  Drone  
  18  1:51  Drone  
  19  1:57  Drone  
  20  2:02  Hatchery  
  19  2:09  Drone  
  20  2:17  Overlord  
  20  2:19  Metabolic Boost  
  20  2:28  Drone  
  21  2:36  Queen  
  23  2:44  Queen  
  23  2:50  Drone  
  26  2:51  Extractor  
  26  2:52  Drone  
  26  2:56  Drone  
  27  3:09  Drone  
  27  3:10  Drone x2  
  27  3:11  Drone  
  31  3:16  Drone  
  32  3:22  Queen  
  32  3:26  Drone  
  35  3:28  Drone  
  35  3:31  Overlord  
  36  3:34  Drone  
  36  3:36  Drone  
  36  3:40  Overlord  
  38  3:42  Drone  
  38  3:44  Extractor  
  35  3:52  Spine Crawler  
  35  3:55  Drone x2, Zergling x2  
  34  3:56  Zergling x2  
  35  4:05  Zergling x4  
  35  4:07  Pneumatized Carapace  
  37  4:12  Drone x2  
  39  4:18  Drone  
  39  4:19  Drone  
  39  4:20  Drone x4  
  45  4:24  Overlord, Extractor  
  44  4:32  Drone  
  44  4:34  Roach Warren  
  44  4:35  Drone  
  44  4:36  Drone  
  44  4:37  Drone  
  47  4:46  Zergling x6  
  47  4:47  Drone  
  47  4:48  Drone  
  47  4:49  Drone x2  
  54  4:57  Drone  
  55  5:00  Lair  
  55  5:02  Drone  
  55  5:03  Drone x2  
  55  5:06  Drone  
  59  5:10  Drone  
  59  5:11  Drone  
  59  5:12  Drone  
  62  5:15  Spore Crawler  
  62  5:20  Spine Crawler  
  60  5:25  Drone  
  60  5:26  Drone  
  62  5:28  Drone  
  62  5:29  Drone  
  62  5:32  Drone x2  
  66  5:36  Drone, Extractor x2  
  66  5:37  Drone  
  66  5:50  Overlord x2  
  66  5:51  Overlord  
  66  6:01  Hydralisk Den  
  66  6:03  Queen, Infestation Pit  
  66  6:08  Queen  
  68  6:13  Evolution Chamber  
  68  6:14  Evolution Chamber  
  68  6:16  Drone x3  
  68  6:18  Drone x3  
  72  6:20  Roach x4  
  72  6:21  Overseer  
  72  6:23  Queen  
  72  6:24  Glial Reconstitution  
  82  6:30  Roach x4  
  90  6:52  Ravager  
  89  6:55  Overlord x2  
  89  6:56  Overlord  
  89  6:57  Overlord  
  89  6:59  Overlord  
  89  7:13  Hydralisk x5  
  89  7:14  Hydralisk x4  
  89  7:15  Hydralisk  
  97  7:31  Overseer  
  97  7:34  Spore Crawler  
  93  7:37  Spore Crawler  
  85  8:05  Hydralisk x3  
  85  8:06  Hatchery, Hydralisk x3  
  96  8:26  Zerg Missile Weapons Level 1  
  96  8:30  Zerg Ground Armor Level 1  
  96  8:37  Overlord  
  96  8:38  Overlord x2, Hydralisk x2  
  96  8:39  Hydralisk  
  102  8:49  Drone  
  103  8:59  Hydralisk x2  
  107  9:04  Drone  
  107  9:06  Drone x3  
  111  9:19  Drone  
  111  9:20  Drone  
  111  9:23  Queen  
  115  9:48  Hydralisk x2  
  115  9:49  Hydralisk x5  
  115  9:50  Hydralisk x4  
  137  10:06  Nydus Network  
  136  10:11  Drone  
  136  10:14  Drone x2  
  136  10:15  Hydralisk  
  137  10:36  Overlord, Zergling x2  
  137  10:37  Overlord x6  
  138  10:49  Muscular Augments  
  81  11:17  Hydralisk x4  
  81  11:18  Hydralisk x5  
  74  11:24  Drone  
  81  11:30  Hydralisk  
  81  11:31  Hydralisk  
  85  11:39  Hydralisk x3  
  85  12:13  Hydralisk  
  85  12:14  Hydralisk x5  
  85  12:15  Hydralisk x2  
  101  12:25  Hatchery  
  101  12:29  Drone x3, Infestor  
  95  12:37  Zergling x8  
  75  12:45  Drone  
  58  13:06  Zergling x2  
  58  13:07  Zergling x4  
  58  13:08  Zergling x4  
  58  13:12  Hatchery  
Show
View Real Time Build Order
Export as new Build Order

Nomad Terran 

Build Orders: Command Center First (CC), MMM Bio 

Get SALT Encoding   

  12  0:02  SCV  
  13  0:14  SCV  
  14  0:38  SCV  
  14  0:40  Supply Depot  
  15  1:03  Command Center  
  15  1:05  SCV  
  16  1:11  Barracks  
  16  1:17  SCV  
  17  1:29  SCV  
  17  1:31  Refinery  
  18  1:40  Supply Depot  
  18  1:41  SCV  
  19  1:53  SCV  
  20  2:26  SCV  
  20  2:28  Barracks Tech Lab  
  21  2:30  Orbital Command  
  21  2:31  Command Center  
  21  2:38  SCV  
  22  2:51  Orbital Command, Supply Depot  
  22  2:55  SCV  
  23  3:02  Refinery  
  23  3:07  SCV  
  23  3:11  Marine  
  23  3:12  Combat Shields  
  25  3:19  SCV, Supply Depot  
  26  3:28  Marine  
  26  3:29  SCV  
  26  3:32  SCV  
  29  3:41  SCV  
  30  3:42  Supply Depot  
  30  3:44  SCV  
  30  3:45  SCV  
  32  3:50  Marine  
  32  3:53  SCV  
  34  3:56  SCV  
  34  3:57  SCV, Supply Depot  
  36  4:08  Marine  
  36  4:09  Engineering Bay  
  37  4:27  Marauder  
  39  4:43  Terran Infantry Weapons Level 1  
  38  4:47  Marine  
  39  5:12  Marauder  
  41  5:14  Stimpack  
  41  5:20  SCV x2  
  44  5:23  Orbital Command  
  43  5:32  SCV x2  
  43  5:34  Marauder  
  47  5:44  Refinery, SCV  
  47  5:45  SCV  
  47  5:48  Refinery  
  49  5:53  SCV  
  49  5:56  SCV  
  52  5:57  SCV  
  52  5:58  Marauder  
  54  6:05  SCV  
  54  6:08  SCV  
  54  6:09  Missile Turret, SCV  
  57  6:17  SCV  
  57  6:19  Marauder  
  57  6:20  Factory  
  56  6:30  SCV  
  57  6:34  Sensor Tower  
  57  6:37  Terran Infantry Armor Level 1  
  57  6:41  Marauder  
  57  6:42  Barracks, SCV  
  57  6:45  Barracks  
  60  7:02  Marauder  
  62  7:15  Concussive Shells  
  62  7:24  Marauder  
  62  8:03  Factory Tech Lab  
  62  8:04  Starport  
  62  8:07  Barracks Reactor  
  62  8:08  Armory, Barracks Reactor  
  62  8:18  Engineering Bay  
  62  8:20  Command Center  
  62  8:24  Command Center  
  62  8:47  Supply Depot  
  62  8:56  Sensor Tower  
  62  8:57  Terran Vehicle Weapons Level 1  
  62  9:00  Terran Infantry Armor Level 2  
  62  9:02  Starport Reactor  
  62  9:08  Missile Turret  
  62  9:10  Supply Depot  
  62  9:11  Marine  
  62  9:12  Marine x4  
  66  9:29  Marine x2  
  66  9:30  Marine x3  
  71  9:32  Widow Mine, Supply Depot  
  71  9:34  Missile Turret  
  73  9:38  Missile Turret  
  73  9:47  Marine x3  
  73  9:48  Marine x2  
  78  9:53  Missile Turret  
  78  9:55  Supply Depot  
  78  9:59  Missile Turret  
  78  10:00  Widow Mine  
  78  10:05  Marine x4  
  78  10:06  Marine  
  81  10:18  Supply Depot  
  77  10:24  Marine  
  77  10:25  Marine x4  
  79  10:29  Widow Mine  
  79  10:35  Orbital Command  
  81  10:36  Orbital Command  
  81  10:40  Supply Depot  
  81  10:41  Missile Turret, Marine  
  82  10:42  Marine  
  82  10:43  Marine x3  
  86  10:57  Widow Mine  
  86  10:59  Marine  
  86  11:00  Missile Turret, Marine  
  86  11:01  Marine x2  
  92  11:20  Missile Turret  
  92  11:29  Missile Turret  
  92  11:48  Missile Turret  
  92  11:49  Viking x2  
  93  12:02  Marine x3  
  93  12:03  Marine x2  
  96  12:19  Viking x2  
  96  12:20  Marine x4  
  96  12:21  Marine  
  103  12:31  Missile Turret  
  103  12:38  Marine x5  
  108  12:49  Viking x2  
  108  12:50  Missile Turret, Barracks  
  112  12:55  Marine  
  112  12:56  Marine x4  
  99  13:09  Missile Turret  
Show
View Real Time Build Order
Export as new Build Order

Azreal Protoss 

Build Orders:  

Get SALT Encoding   

  12  0:02  Probe (Chrono Boost)  
  13  0:15  Pylon  
  13  0:22  Probe (Chrono Boost)  
  14  0:34  Gateway  
  14  0:41  Pylon  
  14  0:49  Assimilator  
  14  0:55  Assimilator  
  14  0:56  Probe (Chrono Boost)  
  15  1:06  Probe (Chrono Boost)  
  16  1:16  Pylon  
  16  1:24  Cybernetics Core  
  16  1:31  Probe (Chrono Boost)  
  17  1:41  Probe (Chrono Boost)  
  17  1:44  Pylon  
  18  1:52  Probe (Chrono Boost)  
  19  2:03  Mothership Core (Chrono Boost)  
  21  2:19  Stargate  
  21  2:51  Nexus  
  21  3:00  Forge  
  21  3:24  Void Ray  
  25  3:28  Protoss Air Weapons Level 1 (Chrono Boost)  
  25  3:40  Photon Cannon  
  14  4:25  Phoenix  
  14  4:27  Probe  
  17  4:32  Probe  
  18  4:39  Probe  
  19  4:51  Probe  
  18  5:11  Probe x2  
  20  5:30  Probe  
  21  5:38  Probe  
  21  5:42  Probe  
  23  5:48  Probe  
  23  5:54  Probe  
  25  5:59  Probe  
  26  6:06  Probe  
  27  6:19  Probe  
  24  6:36  Robotics Facility  
  24  7:24  Observer (Chrono Boost)  
  25  7:59  Pylon  
  25  8:12  Nexus  
  25  8:13  Probe  
  25  8:16  Observer (Chrono Boost)  
  27  8:25  Probe  
  27  8:26  Pylon  
  28  8:30  Assimilator  
  28  8:34  Assimilator  
  28  8:35  Void Ray  
  28  8:37  Probe  
  33  8:44  Forge  
  33  8:49  Probe  
  34  9:01  Probe  
  17  9:51  Pylon  
  17  10:07  Nexus  
  15  11:10  Nexus  
  15  11:14  Pylon  
  15  11:19  Pylon  
  15  11:22  Pylon  
  15  11:25  Pylon  
  15  11:29  Pylon  
  15  11:32  Pylon  
Show
View Real Time Build Order
Export as new Build Order

Silahtar Protoss 

Build Orders:  

Get SALT Encoding   

  12  0:01  Probe (Chrono Boost)  
  13  0:19  Pylon  
  13  0:20  Probe (Chrono Boost)  
  14  0:32  Probe (Chrono Boost)  
  15  0:43  Probe (Chrono Boost), Gateway  
  16  1:02  Forge  
  16  1:05  Probe (Chrono Boost)  
  17  1:15  Probe (Chrono Boost)  
  18  1:26  Probe (Chrono Boost)  
  19  1:35  Cybernetics Core  
  19  1:39  Photon Cannon  
  19  1:42  Photon Cannon  
  19  1:54  Pylon  
  19  1:57  Assimilator  
  19  2:01  Assimilator  
  19  2:34  Nexus  
  19  2:37  Pylon  
  19  2:39  Assimilator  
  19  2:43  Probe (Chrono Boost)  
  20  2:44  Assimilator  
  20  2:53  Probe (Chrono Boost)  
  21  3:00  Stargate  
  21  3:14  Photon Cannon  
  21  3:20  Pylon  
  21  3:48  Photon Cannon  
  21  3:58  Void Ray (Chrono Boost)  
  21  4:01  Probe (Chrono Boost), Photon Cannon  
  26  4:11  Probe (Chrono Boost)  
  27  4:21  Probe (Chrono Boost)  
  28  4:31  Probe  
  29  4:40  Mothership Core  
  31  5:00  Probe  
  31  5:03  Fleet Beacon  
  31  5:05  Pylon  
  32  5:30  Probe, Stargate  
  32  5:32  Stargate  
  33  5:40  Probe  
  34  5:51  Carrier (Chrono Boost), Probe  
  41  6:01  Probe  
  42  6:11  Pylon  
  42  6:12  Probe  
  42  6:14  Pylon  
  43  6:22  Probe  
  44  6:32  Protoss Air Weapons Level 1  
  50  6:36  Probe  
  51  6:42  Carrier (Chrono Boost)  
  51  6:47  Probe  
  52  6:57  Probe  
  53  7:08  Probe  
  53  7:15  Carrier (Chrono Boost)  
  60  7:18  Probe  
  67  7:28  Carrier (Chrono Boost)  
  67  7:52  Stargate  
  73  8:04  Pylon  
  73  8:07  Pylon  
  73  8:08  Carrier (Chrono Boost)  
  73  8:10  Pylon  
  73  8:29  Carrier (Chrono Boost)  
  79  8:47  Gateway  
  79  8:57  Nexus  
  85  9:10  Carrier (Chrono Boost)  
  85  9:13  Protoss Air Weapons Level 2  
  85  9:17  Graviton Catapult  
  91  9:51  Carrier (Chrono Boost)  
  91  10:06  Carrier (Chrono Boost)  
  67  10:34  Carrier (Chrono Boost)  
  67  10:35  Probe  
  73  10:39  Carrier (Chrono Boost)  
  73  10:41  Assimilator  
  74  10:45  Probe  
  75  10:56  Probe  
  75  10:58  Protoss Shields Level 1  
  76  11:06  Probe  
  83  11:17  Probe  
  83  11:20  Carrier (Chrono Boost), Assimilator  
  83  11:24  Pylon  
  90  11:26  Carrier (Chrono Boost)  
  90  11:27  Pylon  
  90  11:28  Probe  
  91  11:38  Probe  
  92  11:49  Probe  
  93  12:07  Carrier (Chrono Boost)  
  105  12:14  Probe  
  105  12:20  Carrier (Chrono Boost)  
  106  12:24  Probe  
  107  12:35  Probe  
  108  12:46  Probe  
  109  12:56  Probe  
  133  13:40  Stargate  
  133  13:42  Stargate  
  133  13:44  Pylon  
  133  13:45  Pylon  
  133  13:48  Pylon  
  133  13:50  Pylon  
Tags
 
Add a new tag
Caveats
  • Supply blocks, unpowered buildings, or Contaminate may cause inaccurate times.
  • Supply counts are checked every 10 seconds.